cohdb
Replays
Latest Replays
All Replays
Popular Replays
Top Player Replays
Match Explorer
How It Works
Community
CoH3 Stats
Reddit
Sign in to upload your games and track your stats! →
Sign in with Steam
Match 42060707
Unlisted
Match 42060707
Overview
Messages
Build Orders
End
Vickers Machine Gun Team
Construct Section Command Post
ML 3-inch Mortar Team
Selects Canadian Shock Battlegroup
Infantry Section
Selects Attacking Spirit
Selects Canadian Shock Section
Canadian Shock Section
Construct Platoon Command Post
Canadian Shock Section
Vickers Machine Gun Team
6-pounder Anti-tank Gun Team
CMP 15cwt Truck
Infantry Training
Forward Retreat Point
Selects Burnout
Selects Pyrotechnics
Unlock Bishop Self-propelled Artillery
Canadian Shock Section
Bishop Self-propelled Artillery
Burnout
Canadian Shock Section
Construct Company Command Post
Unlock M3 Grant Medium Tanks
M3 Grant Medium Tank
Burnout
M3 Grant Medium Tank
M3 Grant Medium Tank
Armored Vehicle Training
Canadian Shock Section
Burnout
M3 Grant Medium Tank
Burnout
Canadian Shock Section
M3 Grant Medium Tank
Selects Churchill Crocodile Heavy Tank
Churchill Crocodile Heavy Tank
Burnout
M3 Grant Medium Tank
Burnout
Burnout
Selects Smoke Operation
Canadian Shock Section
M3 Grant Medium Tank
Vickers Machine Gun Team
M3 Grant Medium Tank
Burnout
M3 Grant Medium Tank
6-pounder Anti-tank Gun Team
M3 Grant Medium Tank
Burnout
Burnout
Canadian Shock Section
M3 Grant Medium Tank
Burnout
Burnout
M3 Grant Medium Tank
Mortus
Anchored
rudgus2564
L0uforini
[HAN]Diederick Kastner
宝多六花
宇杰
帝国の突撃隊
0
0
Comments
sign in to comment!
No comments posted yet!